 Dungeon Crawl Stone Soup version 0.31-a0-986-g5e6e4ef867 (webtiles) character file.

Game seed: 16386045755572024881

2892 Maxmaps the Slicer (level 9, -3/78 HPs)
             Began as a Naga Shapeshifter on Nov 6, 2023.
             Was an Initiate of Gozag.
             Slain by a killer bee (7 damage)
             ... on level 7 of the Dungeon.
             The game lasted 00:06:26 (7441 turns).

Maxmaps the Slicer (Naga Shapeshifter)              Turns: 7441, Time: 00:06:26

Health: -3/78      AC:  4    Str: 22    XL:     9   Next: 77%
Magic:  9/9        EV:  8    Int: 15    God:    Gozag
Gold:   693        SH: 12    Dex: 11    Spells: 8/8 levels left

rFire   . . .        g - +3 short sword (elec)
rCold   + . .        m - +0 kite shield
rNeg    . . .        a - +0 animal skin
rPois   +            (helmet currently unavailable)
rElec   .            (cloak currently unavailable)
rCorr   .            (gloves currently unavailable)
SInv    +            (no barding)
Will    +....        v - amulet of reflection
Stlth   +            n - +6 ring of strength
HPRegen 0.33/turn    u - ring of protection from cold
MPRegen 0.11/turn

%: reflection
@: mighty, beast-form, very slow
A: beast (slay +4), AC +3, large, see invisible, deformed body, poison
resistance, slowness 2, spit poison 1, naga tail 1
a: Spit Poison, Begin Untransformation, Renounce Religion, Potion Petition, Call
Merchant, Bribe Branch


You were on level 7 of the Dungeon.
You worshipped Gozag.
Gozag was pleased with you.
You were a hulking beast.
You visited 2 branches of the dungeon, and saw 8 of its levels.

You collected 1053 gold pieces.
You spent 330 gold pieces at shops.
You paid 30 gold pieces to Gozag.

Inventory:

Hand Weapons
 g - a +3 short sword of electrocution (weapon)
Missiles
 w - a throwing net
Armour
 a - a +0 animal skin (worn)
 m - a +0 kite shield (worn)
Jewellery
 n - a +6 ring of strength (left hand)
 s - a +6 ring of intelligence
 u - a ring of protection from cold (right hand)
 v - an amulet of reflection (around neck)
Talismans
 c - a beast talisman
 d - a flux talisman
Wands
 l - a wand of charming (29)
 o - a wand of light (10)
Scrolls
 f - a scroll of fear {unknown}
 i - a scroll of revelation
 j - 2 scrolls of noise
 p - a scroll of identify
 y - a scroll of immolation {unknown}
Potions
 b - 2 potions of lignification
 h - a potion of cancellation
 k - a potion of curing
 r - a potion of mutation {unknown}
 t - a potion of attraction
 x - a potion of resistance {unknown}


   Skills:
 - Level 4.1 Fighting
 - Level 10.2 Short Blades
 - Level 1.5 Dodging
 - Level 3.0 Unarmed Combat
 + Level 7.3 Shapeshifting


You had 8 spell levels left.
You didn't know any spells.
Your spell library contained the following spells:

 Spells                   Type           Power      Damage    Failure   Level
 Blink                    Tloc           0%         N/A       71%         2
 Lesser Beckoning         Tloc           0%         N/A       71%         2
 Momentum Strike          Conj/Tloc      0%         3d8       71%         2
 Vhi's Electric Charge    Tloc/Air       0%         N/A       100%        4
 Arcjolt                  Conj/Air       0%         1d10      100%        5
 Maxwell's Capacitive Co  Air            0%         ∞         100%        8


Dungeon Overview and Level Annotations

Branches:
Dungeon (7/15)             Temple (1/1) D:4

Altars:
Ashenzari
Cheibriados
Dithmenos
Elyvilon
Gozag
Hepliaklqana
Kikubaaqudgha
Makhleb
Nemelex Xobeh
Okawaru
Ru
Sif Muna
Uskayaw
Vehumet
Wu Jian
Xom
Zin

Shops:
D:2 =   D:3 *


Innate Abilities, Weirdness & Mutations

You are a hulking beast.
Your limbs bulge with bestial killing power. (Slay +4)
Your serpentine skin is tough. (AC +3)
You have supernaturally acute eyesight. (SInv)
Armour fits poorly on your strangely shaped body.
Your system is resistant to poisons. (rPois)
You cover ground very slowly.
You can spit poison.
You have a snake-like lower body.


Message History

You kill the killer bee!
You closely miss the killer bee. You block the killer bee's attack.
The orc warrior hits you from afar with a +0 trident.
You block the killer bee's attack.
You puncture the killer bee!
You kill the killer bee!
You closely miss the killer bee. You block the killer bee's attack.
The orc warrior hits you from afar with a +0 trident.
* * * LOW HITPOINT WARNING * * *
The killer bee stings you.
* * * LOW HITPOINT WARNING * * *
You are poisoned.
The killer bee poisons you!
You closely miss the killer bee.
You feel sick. The killer bee stings you.
* * * LOW HITPOINT WARNING * * *
The orc warrior hits you from afar with a +0 trident!
* * * LOW HITPOINT WARNING * * *
Unknown command.
You feel better. You block the killer bee's attack.
The killer bee barely misses you.
The orc warrior hits you but does no damage.
You feel much better. You block the killer bee's attack.
The killer bee stings you.
The orc warrior hits you from afar with a +0 trident!
* * * LOW HITPOINT WARNING * * *
An orc wizard comes into view. It is wielding a +0 dagger.
You feel mightier all of a sudden. You block the killer bee's attack.
The killer bee closely misses you.
The orc warrior hits you from afar with a +0 trident!
* * * LOW HITPOINT WARNING * * *
You barely miss the killer bee. The killer bee stings you.
* * * LOW HITPOINT WARNING * * *
You miss the killer bee. The killer bee closely misses you.
The orc warrior hits you from afar with a +0 trident.
* * * LOW HITPOINT WARNING * * *
You miss the killer bee. You block the killer bee's attack.
You miss the killer bee. You block the killer bee's attack.
You block the orc warrior's attack. The killer bee stings you!
You die...
Your body crumbles into a pile of gold.

#........... #...........
#..o........ #...........
#...o....... #.#.........
#.#.........
##################y#........#
................hyoo.###...##
###.###.###....###o.## ..#
#..## #..##....#.o.## ## #..#
##..........## ...#
##.........#
...#####...##.....#
....##....###......^.
.........## #.....[^#
.........# #......^#


You could see an orc warrior, 2 killer bees and 2 orc wizards.

Vanquished Creatures
  Sigmund (D:4)
  Menkaure (D:7)
  A water moccasin (D:6)
  An orc warrior (D:6)
  A sky beast (D:6)
  2 black bears
  4 ice beasts
  2 ogres
  A phantom (D:6)
  2 centaurs
  A gnoll sergeant (D:6)
  4 killer bees (D:7)
  3 howler monkeys
  3 hounds
  8 orc priests
  Jessica (D:2)
  6 iguanas
  7 orc wizards
  Terence (D:2)
  9 adders
  12 gnolls
  A shadow imp (D:7)
  2 white imps (D:6)
  2 dart slugs
  28 orcs
  4 bats
  7 endoplasms
  4 giant cockroaches
  8 hobgoblins
  2 jackals (D:5)
  11 kobolds
  5 quokkas
  4 ball pythons
  2 frilled lizards (D:3)
  5 goblins
  7 rats
163 creatures vanquished.

Notes
Turn   | Place    | Note
-------+----------+-------------------------------------------
     0 | D:1      | Maxmaps the Naga Shapeshifter began the quest for the Orb.
     0 | D:1      | Reached XP level 1. HP: 18/18 MP: 1/1
   158 | D:1      | Reached XP level 2. HP: 26/26 MP: 2/2
   513 | D:1      | Reached XP level 3. HP: 32/33 MP: 3/3
   952 | D:2      | Noticed Jessica
   959 | D:2      | Killed Jessica
  1093 | D:2      | Found a faded altar of an unknown god.
  1165 | D:2      | Reached XP level 4. HP: 42/44 MP: 4/4
  1406 | D:2      | Found Carulus's Jewellery Emporium.
  1454 | D:2      | Noticed Terence
  1460 | D:2      | Killed Terence
  1461 | D:2      | Reached skill level 1 in Short Blades
  1848 | D:3      | Found an opulent altar of Gozag.
  1862 | D:3      | Found Gozag's Platinum Reserve.
  1889 | D:3      | Became a worshipper of Gozag Ym Sagoz the Greedy
  1992 | D:3      | Reached skill level 2 in Short Blades
  1992 | D:3      | Reached XP level 5. HP: 46/50 MP: 5/5
  2160 | D:3      | Found a hazy altar of Hepliaklqana.
  2524 | D:3      | Found a shadowy altar of Dithmenos.
  2816 | D:4      | Found a staircase to the Ecumenical Temple.
  2818 | D:4      | Noticed Sigmund
  2821 | D:4      | Reached skill level 3 in Short Blades
  2836 | D:4      | Killed Sigmund
  2837 | D:4      | Reached skill level 4 in Short Blades
  2837 | D:4      | Reached XP level 6. HP: 37/57 MP: 6/6
  2861 | D:4      | Reached skill level 5 in Short Blades
  2891 | Temple   | Entered the Ecumenical Temple
  3057 | D:4      | Reached XP level 7. HP: 43/64 MP: 7/7
  3256 | D:4      | Reached skill level 6 in Short Blades
  3281 | D:4      | Found an ancient bone altar of Kikubaaqudgha.
  3356 | D:4      | Found a shimmering blue altar of Sif Muna.
  3890 | D:2      | Bought an amulet of reflection for 330 gold pieces
  3956 | D:5      | Entered Level 5 of the Dungeon
  4098 | D:5      | Reached skill level 7 in Short Blades
  4338 | D:5      | Reached XP level 8. HP: 61/72 MP: 8/8
  4415 | D:5      | Reached skill level 8 in Short Blades
  4538 | D:5      | You fall into a shaft and drop 1 floor!
  4748 | D:5      | Reached skill level 9 in Short Blades
  4843 | D:5      | Found a burning altar of Makhleb.
  5540 | D:6      | Reached skill level 10 in Short Blades
  5740 | D:6      | Reached XP level 9. HP: 56/78 MP: 9/9
  5937 | D:6      | Found a shimmering altar of Xom.
  5937 | D:6      | Found a hide-covered altar of Uskayaw.
  6457 | D:6      | Identified the +2 dagger of the Howling Hawk {heavy, rElec
                  | rC- rN+++ SInv}
  6496 | D:6      | Reached skill level 5 in Shapeshifting
  6920 | D:7      | Identified the +2 robe "Plog" {Drain rPois rC++}
  7014 | D:7      | Noticed Menkaure
  7021 | D:7      | Killed Menkaure
  7434 | D:7      | HP: 2/78 [orc warrior/+0 trident (7)]
  7439 | D:7      | HP: 3/78 [orc warrior/+0 trident (6)]
  7441 | D:7      | Slain by a killer bee

Illustrated notes

Levels and vault maps discovered:
D:1:      amcnicky_arrival_blooded_trapdoor, layout_basic, serial_bayou,
          serial_bayou_ford_a, serial_bayou_lagoon_a, serial_bayou_shore_b,
          serial_bayou_pond_c
D:2:      layout_loops_ring, serial_shops, nicolae_shop_peninsula,
          ebering_ecumenical_altar_rust, minivault_4, uniq_jessica, uniq_terence
D:3:      layout_basic, nicolae_dithmenos_shadow_blocks,
          mainiacjoe_overflow_tiny_flanked, nicolae_gozag_zags_fifth_avenue,
          st_stairs_11
D:4:      layout_basic, mainiacjoe_overflow_alcove_4,
          mainiacjoe_overflow_concentric_impassable,
          minmay_temple_entry_stoned_glass, grunt_ministairs_12, uniq_sigmund
D:5:      layout_loops_ring, makhleb_blood_cavern_becter
D:6:      layout_loops_ring, jmf_multi_god_temple, kennysheep_path_1
D:7:      nzn_winding_woodlands_medium [nzn_winding_woodlands_5x5_cross,
          nzn_winding_woodlands_5x15_pathside_ponds,
          nzn_winding_woodlands_5x5_perimeter,
          nzn_winding_woodlands_5x5_checkerboard,
          nzn_winding_woodlands_center_diamonds,
          nzn_winding_woodlands_5x5_default, nzn_winding_woodlands_hourglass,
          nzn_winding_woodlands_5x15_lazy_stream,
          nzn_winding_woodlands_5x5_three], layout_layer_cave,
          grunt_qazlal_sundering, uniq_menkaure
Temple:   hellmonk_temple_forest_ring

Skill      XL: |  1  2  3  4  5  6  7  8  9 |
---------------+----------------------------+-----
Fighting       | 2 3 4 |  4.1
Short Blades   | 2 4 5 7 10 | 10.2
Shapeshifting  | 7 |  7.3
Dodging        | |  1.5
Unarmed Combat | |  3.0

Action                     |  1- 3 |  4- 6 |  7- 9 || total
---------------------------+-------+-------+-------++-------
  Melee: Unarmed           |    72 |     2 |       ||    74
         Punch             |     1 |     2 |       ||     3
         Short sword       |       |   130 |   378 ||   508
    Use: Scroll            |       |       |    13 ||    13
         Potion            |       |       |     7 ||     7
   Stab: Sleeping          |       |       |     1 ||     1
         Distracted        |       |       |     3 ||     3
 Armour: Animal skin       |    37 |    75 |   201 ||   313
  Dodge: Dodged            |    30 |    49 |    80 ||   159
  Block: Kite shield       |       |    22 |   159 ||   181
         Reflection        |       |       |     3 ||     3

Table legend: (Time is in decaauts)
 A = Elapsed time spent in this place.
 B = Non-inter-level travel time spent in this place.
 C = Inter-level travel time spent in this place.
 D = Time resting spent in this place.
 E = Time spent auto-exploring this place.
 F = Levels seen in this place.
 G = Mean time per level.
                   A        B        C        D        E       F      G
               +--------+--------+--------+--------+--------+-----+--------+
         Total |   9049 |   8603 |    446 |    744 |   6736 |   8 | 1131.1 |
       Dungeon |   8889 |   8471 |    418 |    744 |   6606 |   7 | 1269.9 |
        Temple |    159 |    131 |     28 |      0 |    130 |   1 |  159.0 |
               +--------+--------+--------+--------+--------+-----+--------+

Top non-repeatable levels by time:
     D:6: 1844 daAuts
     D:5: 1363 daAuts
     D:3: 1354 daAuts
     D:1: 1234 daAuts
     D:2: 1204 daAuts
     D:4: 1114 daAuts
     D:7: 773 daAuts
  Temple: 159 daAuts
